 Dungeon Crawl Stone Soup version 0.29.0-4-gdea44cf6ec (webtiles) character file.

Game seed: 952761113559675132

1 RascalDebosk the Gusty (level 1, -1/16 HPs)
             Began as an Ogre Air Elementalist on Aug 27, 2022.
             Frozen to death by an endoplasm (3 damage)
             ... on level 1 of the Dungeon.
             The game lasted 00:01:18 (28 turns).

RascalDebosk the Gusty (Ogre Air Elementalist)        Turns: 28, Time: 00:01:19

Health: -1/16      AC:  3    Str: 11    XL:     1   Next: 20%
Magic:  0/3        EV:  9    Int: 16    God:
Gold:   0          SH:  0    Dex:  9    Spells: 3/4 levels left

rFire   . . .      SeeInvis .   (no weapon)
rCold   . . .      Faith    .   (no shield)
rNeg    . . .      Spirit   .   a - +0 robe
rPois   .          Reflect  .   (helmet restricted)
rElec   .          Harm     .   (no cloak)
rCorr   .          Rampage  .   (gloves unavailable)
Will    .....                   (boots unavailable)
Stlth   +.........              (no amulet)
HPRegen 0.05/turn               (no ring)
MPRegen 0.08/turn               (no ring)

@: no status effects
A: large, unfitting armour, tough skin 1
a: no special abilities


You were on level 1 of the Dungeon.
You visited 1 branch of the dungeon, and saw 1 of its levels.

Inventory:

Armour
 a - a +0 robe (worn)
Scrolls
 c - a scroll of amnesia {unknown}
Potions
 b - a potion of magic


   Skills:
 + Level 0.0 Fighting
 + Level 0.0 Armour
 + Level 1.7 Dodging
 + Level 1.4 Stealth
 + Level 2.4 Spellcasting
 + Level 0.8 Conjurations
 + Level 2.7 Air Magic


You had 3 spell levels left.
You knew the following spells:

 Your Spells              Type           Power      Damage    Failure   Level
a - Shock                 Conj/Air       28%        1d4       10%         1

Your spell library contained the following spells:

 Spells                   Type           Power      Damage    Failure   Level
 Static Discharge         Conj/Air       7%         3-4/arc   14%         2
 Swiftness                Air            10%        N/A       19%         3
 Airstrike                Air            5%         2d(1-17)  54%         4


Dungeon Overview and Level Annotations

Branches:
Dungeon (1/15)

Altars:


Innate Abilities, Weirdness & Mutations

You are too large for most types of armour.
You have tough skin. (AC +1)


Message History

The ball python barely misses you.
Aiming: Shock (safe; 10% risk of failure)
Press: ? - help, Q - select action Shift-Dir - straight line, f/p - ball python
Aim: a ball python (heavily wounded, 64% to hit)
The zap misses the ball python.
The ball python bites you.
You don't have enough magic to cast this spell.
You don't have enough magic to cast this spell.
The ball python attacks as you move away!
The ball python bites you but does no damage.
The ball python bites you.
The ball python attacks as you move away!
The ball python bites you.
Found a murky clear potion.
The ball python barely misses you.
The ball python attacks as you move away!
The ball python closely misses you. The endoplasm completely misses you.
The endoplasm attacks as you move away! The endoplasm closely misses you.
The endoplasm attacks as you move away! The endoplasm hits you.
The ball python barely misses you. The ball python bites you. x2
There is a fountain of clear blue water here.
Aiming: Shock (safe; 10% risk of failure)
Press: ? - help, Q - select action Shift-Dir - straight line, f/p - ball python
Aim: a ball python (heavily wounded, 64% to hit)
The zap hits the ball python.
You kill the ball python!
The endoplasm freezes you.
You are frozen.
* * * LOW HITPOINT WARNING * * *
The endoplasm attacks as you move away! The endoplasm barely misses you.
The endoplasm attacks as you move away! The endoplasm hits you.
* * * LOW HITPOINT WARNING * * *
Found a dagger.
Found an escape hatch in the floor.
The endoplasm barely misses you. The endoplasm attacks as you move away!
The endoplasm hits you.
* * * LOW HITPOINT WARNING * * *
The endoplasm freezes you.
You are frozen.
You die...

...§§.♣♣♣♣.♣♣○§..
#.##§♣..⌠.⌠..♣ ...
#..#.♣♣⌠...⌠♣♣.... #
#.♣♣.⌠..8..⌠.♣..
.>#######..♣⌠.......⌠.♣
......#...♣...8.<.8..♣♣
..........♣.⌠.......⌠...
...........♣♣⌠..8..⌠♣♣♣..
........J@...♣⌠...⌠..♣ !
...........∩♣..⌠.⌠♣♣♣°.
..).......§§.♣♣♣..♣ §○.
.........○§.♣♣ ..♣.. .#
........§..... ♣.♣♣#.
.......☼.☼........
............##..
..###.###.### .. .. ..


You could see an endoplasm.

Vanquished Creatures
  A ball python (D:1)
1 creature vanquished.

Notes
Turn   | Place    | Note
-------+----------+-------------------------------------------
     0 | D:1      | RascalDebosk the Ogre Air Elementalist began the quest for
                  | the Orb.
     0 | D:1      | Reached XP level 1. HP: 16/16 MP: 3/3
    28 | D:1      | Frozen to death by an endoplasm

Illustrated notes

Levels and vault maps discovered:
D:1:      heliophobic_arrival_enchanted_forest, layout_rooms

Action                   || total
-------------------------++-------
 Cast: Shock             ||     4
Armor: Robe              ||     1
Dodge: Dodged            ||     8
